 Dungeon Crawl Stone Soup version 0.26-a0-252-gb32a1a6195 (webtiles) character file.

Game seed: 16139650200883751886

140 Infinimo the Conjurer (level 5, 0/35 HPs)
             Began as a Mummy Conjurer on July 8, 2020.
             Slain by a phantom (9 damage)
             ... on level 3 of the Dungeon.
             The game lasted 00:03:21 (3253 turns).

Infinimo the Conjurer (Mummy Conjurer)              Turns: 3253, Time: 00:03:22

Health: 0/35       AC:  4    Str: 10    XL:     5   Next: 2%
Magic:  0/11       EV: 12    Int: 18    God:
Gold:   147        SH:  0    Dex: 11    Spells: 11/12 levels left

rFire    x . .     SeeInvis .   e - +0 dagger
rCold    + . .     Faith    .   (no shield)
rNeg     + + +     Spirit   .   a - +0 robe
rPois    ∞         Reflect  .   (no helmet)
rElec    .         Harm     .   (no cloak)
rCorr    .                      g - +0 pair of gloves
MR       .....                  j - +0 pair of boots
Stlth    ++........             (no amulet)
HPRegen  0.11/turn              (no ring)
MPRegen  0.12/turn              (no ring)

@: no status effects
A: no food or potions, fire vulnerability, cold resistance 1, negative energy
resistance 3, torment resistance, unbreathing
a: no special abilities


You were on level 3 of the Dungeon.
You were not hungry.

You visited 1 branch of the dungeon, and saw 3 of its levels.

You collected 147 gold pieces.

Inventory:

Hand Weapons
 e - a +0 dagger (weapon)
Armour
 a - a +0 robe (worn)
 g - a +0 pair of gloves (worn)
 j - a +0 pair of boots (worn)
Jewellery
 k - an uncursed ring of stealth
 l - an uncursed ring of protection from magic {unknown}
Scrolls
 b - 2 scrolls of remove curse {unknown}
 c - a scroll of random uselessness {unknown}
 d - 2 scrolls of fear {unknown}
 f - a scroll of identify {unknown}
 h - a scroll of teleportation {unknown}
 i - a scroll of fog {unknown}


   Skills:
 - Level 1.5 Dodging
 - Level 1.5 Stealth
 + Level 4.3 Spellcasting
 * Level 4.7 Conjurations


You had 11 spell levels left.
You knew the following spells:

 Your Spells              Type           Power        Failure   Level
a - Magic Dart            Conj           ###.         1%          1

Your spell library contained the following spells:

 Spells                   Type           Power        Failure   Level
 Searing Ray              Conj           ###...       3%          2
 Dazzling Flash           Conj/Hex       ##....       16%         3
 Fulminant Prism          Conj/Hex       ##........   47%         4
 Iskenderun's Mystic Bla  Conj/Tloc      ##......     47%         4


Dungeon Overview and Level Annotations

Branches:
Dungeon (3/15)

Altars:
Dithmenos
Hepliaklqana
Xom


Innate Abilities, Weirdness & Mutations

You do not eat or drink.
Your flesh is vulnerable to fire.
You are immune to poison.
Your flesh is cold resistant. (rC+)
You are immune to negative energy. (rN+++)
You are immune to unholy pain and torment.
You can survive without breathing.


Message History

Aiming: Magic Dart (safe; 1% risk of failure)
Press: ? - help, Shift-Dir - straight line, f/p - phantom
Aim: a phantom (almost destroyed)
The magic dart hits the phantom.
The phantom is almost destroyed.
Casting: Magic Dart (safe; 1% risk of failure)
Confirm with . or Enter, or press ? or * to list all spells.
You don't have enough magic to cast that spell.
Casting: Magic Dart (safe; 1% risk of failure)
Confirm with . or Enter, or press ? or * to list all spells.
You don't have enough magic to cast that spell.
Casting: Magic Dart (safe; 1% risk of failure)
Confirm with . or Enter, or press ? or * to list all spells.
You don't have enough magic to cast that spell.
The phantom is almost destroyed.
The phantom hits you.
* * * LOW HITPOINT WARNING * * *
The phantom is almost destroyed.
The phantom hits you!
You die...

##........#
##.........#
#......[...### ####
#............## #...
#.....[.......# #...
#...(.........###.).
#(.........##..##...
##..............#...
##.@W.........#.....
#...[.........[##.##
#..........#.......#
#.<........#.##.....
#..........#..#....#
#..........#.....#.#
##........>....#....
##......##)..#####.
######.######..........


You could see a phantom.

Vanquished Creatures
  2 orc wizards (D:3)
  2 adders (D:2)
  An ooze (D:2)
  3 dart slugs
  2 leopard geckos
  3 orcs
  4 bats
  6 goblins
  6 hobgoblins
  4 jackals
  6 kobolds
  2 quokkas
  A ball python (D:1)
  A frilled lizard (D:2)
  5 rats
48 creatures vanquished.

Notes
Turn   | Place    | Note
-------+----------+-------------------------------------------
     0 | D:1      | Infinimo the Mummy Conjurer began the quest for the Orb.
     0 | D:1      | Reached XP level 1. HP: 13/13 MP: 4/4
   390 | D:1      | Reached XP level 2. HP: 19/19 MP: 4/6
  1240 | D:2      | Reached XP level 3. HP: 24/24 MP: 4/7
  1413 | D:2      | Found a shadowy altar of Dithmenos.
  1550 | D:2      | Found a hazy altar of Hepliaklqana.
  1638 | D:2      | Found a shimmering altar of Xom.
  1639 | D:2      | Found a shimmering altar of Xom.
  1640 | D:2      | Found a shimmering altar of Xom.
  1755 | D:2      | Noticed a phantom
  2254 | D:3      | Reached XP level 4. HP: 30/30 MP: 2/10
  2757 | D:3      | Reached XP level 5. HP: 35/35 MP: 7/11
  2848 | D:3      | Noticed a phantom
  3253 | D:3      | Slain by a phantom

Illustrated notes

Levels and vault maps discovered:
D:1:      minmay_arrival_jagged, layout_rooms
D:2:      layout_rooms, old_standard_altar, lemuel_coloured_pillars_altar,
          xom_redecorated
D:3:      layout_rooms, old_standard_altar, marbit_many_paths, tgw_trog

Skill      XL: |  1  2  3 |
---------------+----------+-----
Spellcasting   | 3 4 |  4.3
Conjurations   | 4 |  4.7
Dodging        | |  1.5
Stealth        | |  1.5

Action                   |  1- 3 |  4- 6 || total
-------------------------+-------+-------++-------
Melee: Unarmed           |     3 |       ||     3
       Dagger            |    18 |    27 ||    45
 Cast: Magic Dart        |    88 |    84 ||   172
Armor: Robe              |     6 |     7 ||    13
Dodge: Dodged            |    25 |    19 ||    44

Table legend:
 A = Non-vault XP
 B = Vault XP
 C = Vault XP percentage of total XP
 D = Non-vault monster count
 E = Vault monster count
 F = Vault count percentage of total count
                 A         B        C        D         E       F
            +---------+---------+-------+---------+---------+-------
      Total |     201 |       0 |   0.0 |      48 |       0 |   0.0
            +---------+---------+-------+---------+---------+-------
        D:1 |      36 |       0 |   0.0 |      20 |       0 |   0.0
        D:2 |      56 |       0 |   0.0 |      13 |       0 |   0.0
        D:3 |     109 |       0 |   0.0 |      15 |       0 |   0.0
            +---------+---------+-------+---------+---------+-------
